 Dungeon Crawl Stone Soup version 0.18-a0-1577-gf591c28 (webtiles) character file.

6521 Ijustatesigmund the Covert (level 11, -11/75 HPs)
             Began as an Octopode Assassin on Mar 22, 2016.
             Was a Priest of Pakellas.
             Mangled by a shock serpent (12 damage)
             ... on level 1 of the Lair of Beasts.
             The game lasted 00:36:33 (9578 turns).

Ijustatesigmund the Covert (Octopode Assassin)      Turns: 9578, Time: 00:36:33

Health: -11/75     AC:  1    Str: 13    XL:     11   Next: 0%
Magic:  12/25      EV: 15    Int: 13    God:    Pakellas [***...]
Gold:   693        SH:  6    Dex: 15    Spells: 0 memorised, 10 levels left

rFire  . . .     SeeInvis .     n - +3 short sword
rCold  . . .     Gourm    .     k - +1 buckler
rNeg   . . .     Faith    .     F - +0 hat
rPois  .         Spirit   .     i - amulet of regeneration
rElec  .         Dismiss  .     A - ring of magical power
rCorr  +         Reflect  .     x - ring of resist corrosion
SustAt .         Harm     .     (no ring)
MR     .....                    (no ring)
Stlth  ++++++....               (no ring)
                                (no ring)
                                (no ring)
                                (no ring)

@: very slightly contaminated, hasted, very quick, not resistant to hostile
enchantments, very stealthy
A: almost no armour, amphibious, 8 rings, constrict 8, camouflage 1, gelatinous
body 1
a: Quick Charge, Device Surge, Renounce Religion


You were on level 1 of the Lair of Beasts.
You worshipped Pakellas.
Pakellas was most pleased with you.
You were not hungry.

You visited 3 branches of the dungeon, and saw 12 of its levels.

You collected 693 gold pieces.

Inventory:

Hand Weapons
 b - a +0 blowgun
 n - a +3 short sword (weapon)
 z - a +0 short sword of holy wrath
 E - a +2 dagger of speed
Missiles
 c - 72 poisoned needles
 K - a curare-tipped needle
Armour
 k - a +1 buckler (worn)
 F - a +0 hat (worn)
Jewellery
 i - an amulet of regeneration (around mantle)
 x - a ring of resist corrosion (right tentacle)
 A - a ring of magical power (left tentacle)
Wands
 d - a wand of acid (1/15)
 l - a wand of slowing (10/48)
 r - a wand of polymorph (8/24)
 u - a wand of hasting (6/9)
 C - a wand of flame (14/48)
 I - a wand of digging (10/24)
Scrolls
 e - a scroll of fog
 y - 3 scrolls of remove curse
 J - a scroll of magic mapping
Potions
 h - a potion of flight
 j - a potion of mutation
 o - a potion of ambrosia
 p - a potion of magic
 q - a potion of resistance {unknown}
 s - 2 potions of agility
 t - a potion of cancellation {unknown}
 v - 2 potions of curing
 B - a potion of haste {unknown}
Miscellaneous
 a - a legendary deck of destruction
Comestibles
 f - 5 bread rations
 m - 4 meat rations
 D - a royal jelly
 G - 3 beef jerkies
 H - 7 slices of pizza


   Skills:
 - Level 7.1 Fighting
 + Level 8.9 Short Blades
 + Level 4.6 Throwing
 - Level 5.1 Dodging
 - Level 9.2 Stealth
 - Level 5.7 Shields
 - Level 7.0 Evocations


You had 10 spell levels left.
You didn't know any spells.

Dungeon Overview and Level Annotations

Branches:
Dungeon (10/15)            Temple (1/1) D:6            Lair (1/8) D:9
    Orc: D:9-12

Altars:
Ashenzari
Cheibriados
Dithmenos
Elyvilon
Fedhas
Gozag
Kikubaaqudgha
Makhleb
Nemelex Xobeh
Okawaru
Pakellas
Qazlal
Ru
Sif Muna
Trog
Vehumet
Xom
Yredelemnul
Zin
The Shining One

Shops:
D:9 [

Annotations:
D:8 exclusion: ice statue


Innate Abilities, Weirdness & Mutations

You cannot wear most types of armour.
You are amphibious.
You can wear up to eight rings at the same time.
You can use your tentacles to constrict eight enemies at once.
Your skin changes colour to match your surroundings (Stealth).
Your rubbery body absorbs attacks (AC +1).


Message History

Zapping:
u - a wand of hasting (7/9)
Press: ? - help, Shift-Dir - straight line, f - you, p - shock serpent You feel yourself speed up.
This wand has 6 charges left.
Evoke which item? (* to show all) (? for menu, Esc to quit)
Zapping:
r - a wand of polymorph (10/24)
Press: ? - help, Shift-Dir - straight line, f - shock serpent
Aim: a shock serpent (chance to defeat MR: 43%)
The shock serpent resists with some effort.
This wand has 9 charges left.
The giant frog gives a loud, deep croak!
Evoke which item? (* to show all) (? for menu, Esc to quit)
Zapping:
r - a wand of polymorph (9/24)
Press: ? - help, Shift-Dir - straight line, f/p - shock serpent
Aim: a shock serpent (chance to defeat MR: 43%)
The shock serpent resists with some effort.
This wand has 8 charges left.
The shock serpent bites you!
* * * LOW HITPOINT WARNING * * *
The shock serpent shocks you!
You die...
Pakellas says: Good help is so hard to find these days!

..............##..#........#
#.......###.##### .........#
#....#.####÷###.##....[....#
##..........÷..............#
..........[................#
##...................[.....#
##.P##..####..####.#.#.....#
#...###.# #....##..##......#
.....##.# #....S@..##......##
........###§§......##.......#
........§§§.§......#........#
......§§§§P§l§§.#...#.....###
.......§§§§§F...#...#....##
#.....l.§§§§....#.......##
#.......##§§§§..#......##
.#....P.###§§§...#..#..#
...#.#..#####..###..##.#


You could see a shock serpent, a komodo dragon and a giant frog.

Vanquished Creatures
  A two-headed ogre (D:8)
  2 wraiths (D:10)
  A wyvern (D:9)
  7 yaks
  2 hungry ghosts (D:8)
  A human (D:9)
  A vampire (D:9)
  A hippogriff (D:10)
  A steam dragon (D:10)
  Grum (D:10)
  2 wargs (D:9)
  2 water moccasins (Lair:1)
  A porcupine (Lair:1)
  2 orc warriors
  A sky beast (D:5)
  An ice beast (D:8)
  A necrophage (D:10)
  2 wolves (D:10)
  A phantom (D:7)
  5 ogres
  2 centaurs
  A crocodile (D:8)
  A wyvern zombie (D:9)
  2 scorpions
  4 wights (D:10)
  4 howler monkeys
  6 crimson imps
  2 quasits
  6 hounds
  3 centaur skeletons
  7 orc priests
  2 human zombies (D:10)
  An iguana (D:4)
  2 human skeletons (D:10)
  7 orc wizards
  3 sheep (D:9)
  A mummy (D:10)
  A howler monkey zombie (D:10)
  A worker ant zombie (D:5)
  4 gnolls
  11 adders
  9 river rats (Lair:1)
  3 shadow imps
  An ooze (D:1)
  2 adder zombies (D:5)
  A worm (D:6)
  4 giant geckos
  31 orcs
  A ball python (D:6)
  5 giant cockroaches
  5 goblins
  5 hobgoblins
  3 jackals (D:1)
  7 kobolds
  5 quokkas
  A ball python zombie (D:5)
  13 bats
  5 giant newts
  A quokka zombie (D:5)
  7 rats
  A spectral orc (D:3)
217 creatures vanquished.

Notes
Turn   | Place    | Note
--------------------------------------------------------------
     0 | D:1      | Ijustatesigmund the Octopode Assassin began the quest for the Orb.
     0 | D:1      | Reached XP level 1. HP: 14/14 MP: 1/1
    28 | D:1      | Reached XP level 2. HP: 16/20 MP: 2/2
   200 | D:1      | Reached XP level 3. HP: 15/25 MP: 3/3
   957 | D:2      | Found a snail-covered altar of Cheibriados.
  1036 | D:2      | Reached XP level 4. HP: 22/31 MP: 4/4
  1816 | D:3      | Reached XP level 5. HP: 36/36 MP: 5/5
  2074 | D:3      | Found a stormy altar of Qazlal.
  2410 | D:3      | Reached skill level 1 in Shields
  2510 | D:3      | Found a basalt altar of Yredelemnul.
  2678 | D:4      | Found an ancient bone altar of Kikubaaqudgha.
  2850 | D:4      | Noticed an ogre
  2874 | D:4      | Killed an ogre
  2874 | D:4      | Reached XP level 6. HP: 43/43 MP: 6/6
  3004 | D:4      | Found an opulent altar of Gozag.
  3172 | D:5      | Entered Level 5 of the Dungeon
  3172 | D:5      | Found a shimmering altar of Xom.
  3191 | D:5      | Found an iron altar of Okawaru.
  3196 | D:5      | Reached XP level 7. HP: 45/48 MP: 7/7
  3343 | D:5      | Reached skill level 6 in Stealth
  3811 | D:5      | Reached skill level 7 in Stealth
  4011 | D:6      | Reached XP level 8. HP: 54/54 MP: 8/8
  4044 | D:6      | Found an oddly glowing altar of Pakellas.
  4053 | D:6      | Became a worshipper of Pakellas the Inventive
  4133 | D:6      | Found a white marble altar of Elyvilon.
  4209 | D:6      | Reached skill level 5 in Short Blades
  4209 | D:6      | Reached skill level 1 in Evocations
  4324 | D:6      | Found a staircase to the Ecumenical Temple.
  4336 | Temple   | Entered the Ecumenical Temple
  5419 | D:7      | Reached skill level 5 in Evocations
  5422 | D:7      | Reached * piety under Pakellas
  5583 | D:7      | Reached XP level 9. HP: 59/59 MP: 13/13
  6203 | D:8      | Found a sparkling altar of Nemelex Xobeh.
  6362 | D:8      | Found a burning altar of Makhleb.
  6364 | D:8      | Found a blossoming altar of Fedhas.
  6364 | D:8      | Found a shimmering altar of Xom.
  6364 | D:8      | Found a deep blue altar of Sif Muna.
  6417 | D:8      | Reached skill level 5 in Fighting
  6486 | D:8      | Found an iron altar of Okawaru.
  6648 | D:8      | Noticed an ice statue
  6889 | D:9      | Reached ** piety under Pakellas
  6889 | D:9      | Received a gift from Pakellas
  6905 | D:9      | Noticed a two-headed ogre
  7056 | D:8      | Killed a two-headed ogre
  7204 | D:9      | Found a staircase to the Lair.
  7242 | D:9      | Reached skill level 8 in Stealth
  7355 | D:9      | Reached XP level 10. HP: 35/69 MP: 15/15
  7743 | D:9      | Found a shattered altar of Ashenzari.
  7752 | D:9      | Identified a scroll of acquirement
  7978 | D:9      | Reached skill level 9 in Stealth
  8072 | D:9      | Found Finun's Antique Armour Shoppe.
  8172 | D:10     | Entered Level 10 of the Dungeon
  8251 | D:10     | Found an oddly glowing altar of Pakellas.
  8407 | D:10     | Found an ancient bone altar of Kikubaaqudgha.
  8453 | D:10     | Reached *** piety under Pakellas
  8667 | D:10     | Noticed Grum
  8843 | D:10     | Killed Grum
  8904 | D:10     | Noticed a skeletal warrior
  8970 | D:10     | Noticed a skeletal warrior
  8971 | D:10     | Noticed a skeletal warrior
  9112 | Lair:1   | Entered Level 1 of the Lair of Beasts
  9154 | Lair:1   | Reached skill level 5 in Shields
  9314 | Lair:1   | Reached skill level 5 in Dodging
  9520 | Lair:1   | Reached XP level 11. HP: 75/75 MP: 12/16
  9567 | Lair:1   | Noticed a shock serpent
  9567 | Lair:1   | a hippogriff changed into a shock serpent
  9578 | Lair:1   | HP: 1/75 [shock serpent (14)]
  9578 | Lair:1   | Mangled by a shock serpent

Vault maps used:
D:1:      saegor_arrival_miasma
D:2:      lemuel_crystal_altar, kennysheep_generic_room_13
D:3:      marbit_many_paths, yredelemnul_forgotten_temple_becter, first_bread
D:4:      lemuel_crystal_altar, kiku_gazebo_pond_becter
D:5:      basic_altar, okawaru_metal_pillars_1_2
D:6:      johnstein_pakellas_death_squad, nicolae_overflow_crystal_walls,
          minmay_temple_entry_poolview
D:8:      lemuel_ice_statue, lemuel_round_altar, grunt_temple_overflow_open
D:9:      lemuel_coloured_pillars_altar, erik_lair_orcish_takeover,
          serial_shops, nicolae_shop_temple_entry_statues_fountains,
          grunt_livestock
D:10:     basic_altar, lemuel_mausoleum_altar_kikubaaqudgha, uniq_grum
Temple:   circular_temple_6
Lair:1:   grunt_megastairs_3

Skill      XL: |  1  2  3  4  5  6  7  8  9 10 |
---------------+-------------------------------+-----
Fighting       | 3 4 6 7 |  7.1
Short Blades   | 3 4 5 7 8 |  8.9
Throwing       | 3 4 |  4.6
Shields        | 1 2 3 5 |  5.7
Stealth        | 7 8 9 |  9.2
Evocations     | 6 7 |  7.0
Dodging        | 2 5 |  5.1

Action                   |  1- 3 |  4- 6 |  7- 9 | 10-12 || total
-------------------------+-------+-------+-------+-------++-------
Melee: Dagger            |    60 |    39 |       |       ||    99
       Short sword       |       |    65 |   342 |   169 ||   576
 Fire: Blowgun           |       |     5 |    16 |    42 ||    63
Invok: Quick Charge      |       |       |     1 |     1 ||     2
       Device Surge      |       |       |       |     1 ||     1
Evoke: Wand              |       |       |    14 |    18 ||    32
  Use: Scroll            |     4 |     4 |    12 |     7 ||    27
       Potion            |       |     2 |       |       ||     2
 Stab: Sleeping          |    12 |    17 |    10 |    16 ||    55
       Distracted        |       |       |     3 |       ||     3
  Eat: Chunk             |       |     6 |     7 |     8 ||    21
       Fruit             |       |       |     2 |       ||     2
       Beef jerky        |       |       |     2 |       ||     2
       Pizza             |       |       |     2 |       ||     2
       Bread ration      |       |       |     4 |       ||     4
